AoeStats
← darador86

Arena

510916590Analyzed
4v4 RM · 16h ago on Oct 3, 2026· 59m 35s· 8 players
Game mode
Random Map
Map size
Large (8 player)
Population
200
Speed
Normal
Resources
Standard
Victory
Conquest
Starting age
Dark Age
Ending age
Imperial Age
RankedLock teamsTeams togetherTeam positionsShared explorationLock speedFull tech treeHidden civsTurbo modeCheats
Victory
Defeat
🇧🇷 Franks · Brazil
721
+7
🇦🇷 Huns · Argentina
706
+7
🇦🇷 Danes · Argentina
649
+9
🇧🇷 Persians · Brazil
612
+10
🇺🇸 Byzantines · United States
667
-25
🇺🇸 Teutons · United States
557
-10
🇺🇸 Shu · United States
418
-6
🇺🇸 Vietnamese · United States
277
-3
joaquin5476
8:03 Loom
10:26 Feudal Age
11:24 Double-Bit Axe
11:24 Horse Collar
15:21 Wheelbarrow
14:44 Gold Mining
16:30 Man-at-Arms
22:05 Castle Age
20:17 Scale Mail Armor
21:14 Arson
27:33 Stone Mining
27:59 Caravan
28:22 Bow Saw
31:04 Thumb Ring
32:06 Forging
33:59 Squires
34:21 Gambesons
34:50 Heavy Plow
36:55 Husbandry
42:10 Imperial Age
41:43 Hand Cart
43:08 Capped Ram
44:55 Elite Jomsviking
46:36 Arrowslits
49:04 Hamask
49:05 Northmen's Fury
49:16 Cranequins
51:32 Stone Shaft Mining
51:33 Gold Shaft Mining
50:51 Fletching
53:20 Heavy Mounted Crossbowman
56:22 Chemistry
55:43 Ballistics
55:22 Murder Holes
56:06 Iron Casting
55:47 Chain Mail Armor
55:23 Town Watch
56:47 Conscription
57:26 Elite Skirmisher
58:15 Elite Varangian Guard
darador86
14:12 Feudal Age
15:04 Horse Collar
15:11 Double-Bit Axe
19:44 Castle Age
17:54 Fletching
19:14 Wheelbarrow
19:12 Scale Barding Armor
18:54 Man-at-Arms
20:16 Bloodlines
20:12 Padded Archer Armor
32:30 Gold Mining
32:30 Stone Mining
32:53 Bow Saw
32:45 Heavy Plow
35:16 Caravan
35:19 Town Watch
37:08 Ballistics
36:44 Murder Holes
36:59 Masonry
40:44 Imperial Age
39:13 Marauders
41:23 Husbandry
40:51 Elite Tarkan
41:54 Conscription
41:58 Atheism
44:31 Two-Man Saw
44:17 Gold Shaft Mining
48:54 Parthian Tactics
47:50 Heavy Cavalry Archer
48:49 Squires
48:10 Pikeman
53:34 Chemistry
Zhukov
1:12 Loom
17:00 Feudal Age
19:15 Double-Bit Axe
21:49 Castle Age
24:03 Caravan
30:32 Wheelbarrow
29:42 Town Watch
33:43 Coinage
34:36 Husbandry
36:15 Bow Saw
39:13 Imperial Age
37:00 Hand Cart
36:46 Town Patrol
37:00 Scale Barding Armor
36:56 Scale Mail Armor
37:06 Forging
39:19 Chain Mail Armor
39:25 Chain Barding Armor
39:47 Iron Casting
39:37 Stone Mining
39:37 Gold Mining
39:55 Chivalry
39:16 Elite Throwing Axeman
39:19 Cavalier
41:08 Plate Mail Armor
40:54 Paladin
42:17 Banking
42:28 Plate Barding Armor
42:55 Hoardings
42:41 Conscription
43:35 Blast Furnace
55:31 Fletching
55:42 Padded Archer Armor
lula2026
4:23 Loom
12:14 Feudal Age
20:00 Castle Age
17:54 Horse Collar
18:17 Double-Bit Axe
19:42 Gold Mining
20:17 Town Watch
21:10 Bow Saw
21:39 Gold Shaft Mining
22:03 Wheelbarrow
26:55 Heated Shot
28:12 Ballistics
30:07 Heavy Plow
35:10 Masonry
36:20 Town Patrol
36:51 Murder Holes
37:11 Scale Barding Armor
37:17 Forging
37:25 Kamandaran
38:23 Hand Cart
43:36 Imperial Age
41:40 Pikeman
42:21 Squires
42:07 Arson
45:07 Two-Man Saw
44:42 Crop Rotation
45:52 Chemistry
45:23 Architecture
45:01 Heavy Scorpion
45:41 Onager
47:44 Halberdier
49:15 Stone Mining
49:27 Gambesons
49:48 Scale Mail Armor
51:42 Chain Barding Armor
51:37 Chain Mail Armor
51:58 Iron Casting
53:02 Elite War Elephant
56:28 Plate Barding Armor
56:54 Blast Furnace
56:25 Plate Mail Armor
57:34 Stone Shaft Mining
12ozPapa
1:10 Loom
14:36 Feudal Age
16:19 Horse Collar
16:28 Double-Bit Axe
16:36 Gold Mining
16:37 Stone Mining
16:35 Town Watch
18:31 Wheelbarrow
18:54 Arson
18:31 Man-at-Arms
33:46 Castle Age
34:51 Bow Saw
34:56 Caravan
34:58 Town Patrol
35:14 Hand Cart
35:25 Squires
34:47 Pikeman
35:13 Gambesons
34:49 Long Swordsman
36:07 Gold Shaft Mining
34:56 Elite Skirmisher
36:12 Coinage
37:17 Coiled Serpent Array
47:49 Fletching
48:11 Forging
48:01 Scale Mail Armor
48:04 Padded Archer Armor
48:05 Murder Holes
49:23 Fortified Wall
48:56 Treadmill Crane
Troll Numkin
0:32 Loom
10:47 Feudal Age
13:19 Wheelbarrow
12:29 Town Watch
13:39 Double-Bit Axe
13:52 Horse Collar
17:18 Fletching
17:25 Gold Mining
17:26 Stone Mining
19:15 Arson
18:55 Man-at-Arms
25:42 Castle Age
30:50 Hand Cart
30:36 Town Patrol
36:29 Gambesons
36:44 Squires
38:53 Stone Shaft Mining
38:53 Masonry
38:54 Fortified Wall
39:03 Hand Cart
38:49 Town Patrol
40:30 Caravan
40:36 Long Swordsman
44:07 Ironclad
55:07 Imperial Age
BeeSneezes
1:49 Loom
16:39 Feudal Age
18:00 Wheelbarrow
17:13 Town Watch
20:41 Forging
20:37 Scale Barding Armor
20:58 Double-Bit Axe
21:00 Horse Collar
23:58 Fletching
24:48 Stone Mining
24:51 Gold Mining
27:43 Bloodlines
33:19 Castle Age
34:20 Thumb Ring
33:38 Elite Skirmisher
34:29 Husbandry
36:45 Stone Shaft Mining
36:15 Heavy Plow
36:32 Bow Saw
38:48 Hand Cart
42:44 Chatras
43:18 Town Patrol
45:58 Imperial Age
49:32 Hoardings
49:21 Paper Money
53:21 Pikeman
54:05 Squires
57:11 Halberdier
dankalashnikov
12:24 Feudal Age
16:32 Castle Age
14:56 Double-Bit Axe
15:08 Horse Collar
17:06 Wheelbarrow
19:10 Forging
23:28 Bow Saw
24:26 Stone Mining
24:30 Gold Mining
26:43 Hand Cart
26:46 Loom
28:39 Gold Shaft Mining
30:44 Gambesons
31:00 Squires
33:41 Imperial Age
31:51 Iron Casting
31:18 Scale Mail Armor
31:46 Fletching
31:57 Padded Archer Armor
32:06 Thumb Ring
31:23 Crossbowman
31:24 Elite Skirmisher
32:33 Ballistics
31:54 Treadmill Crane
32:11 Murder Holes
32:48 Light Cavalry
33:28 Husbandry
35:03 Conscription
35:54 Chemistry
36:05 Two-Man Saw
35:08 Heavy Plow
35:22 Fortified Wall
34:58 Arrowslits
36:21 Caravan
35:51 Arbalester
36:14 Hussar
37:03 Bodkin Arrow
38:08 Crop Rotation
37:58 Heavy Camel Rider
39:17 Elite Varangian Guard
40:37 Stone Shaft Mining
41:02 Bombard Tower
44:27 Guard Tower
46:41 Capped Ram
48:30 Logistica
49:19 Keep
49:56 Chain Mail Armor
49:47 Scale Barding Armor
52:01 Siege Ram
Connection lost

Rejoining the realm…

Still unreachable

The connection could not be restored.

Session expired

The server has moved on; the page needs a fresh start.